 Dungeon Crawl Stone Soup version 0.21-a0-471-gd587bd5 (webtiles) character file.

679 Laiders the Cleaver (level 7, -3/57 HPs)
             Began as a Minotaur Berserker on Nov 21, 2017.
             Was a Priest of Trog.
             Slain by an orc wizard
             ... wielding a +2 dagger of electrocution
              (9 damage)
             ... on level 5 of the Dungeon.
             The game lasted 00:09:52 (4383 turns).

Laiders the Cleaver (Minotaur Berserker)            Turns: 4383, Time: 00:09:53

Health: -3/57      AC:  8    Str: 24    XL:     7   Next: 34%
Magic:  6/6        EV:  8    Int:  4    God:    Trog [***...]
Gold:   210        SH:  4    Dex:  9    Spells: 6/6 levels left

rFire    . . .     SeeInvis +   r - +0 war axe
rCold    . . .     Gourm    .   (no shield)
rNeg     . . .     Faith    .   f - +0 chain mail
rPois    .         Spirit   .   (helmet restricted)
rElec    .         Reflect  +   (no cloak)
rCorr    .         Harm     .   (no gloves)
MR       .....                  (no boots)
Stlth    ..........             a - +4 amulet of reflection
HPRegen  0.19/turn              m - ring of see invisible
MPRegen  0.10/turn              (no ring)

@: no status effects
A: retaliatory headbutt, horns 2
a: Berserk, Trog's Hand, Burn Spellbooks, Renounce Religion


You were on level 5 of the Dungeon.
You worshipped Trog.
Trog was most pleased with you.
You were not hungry.

You visited 1 branch of the dungeon, and saw 5 of its levels.

You collected 210 gold pieces.

Inventory:

Hand Weapons
 r - a +0 war axe (weapon)
Armour
 f - a +0 chain mail (worn)
Jewellery
 a - a +4 amulet of reflection (around neck)
 m - a ring of see invisible (left hand)
Wands
 s - a wand of paralysis (4)
Scrolls
 h - 2 scrolls of amnesia {unknown}
 j - a scroll of blinking {unknown}
 l - a scroll of immolation
 p - a scroll of remove curse
 q - 2 scrolls of teleportation
 t - a scroll of enchant armour {unknown}
Potions
 b - 3 potions of agility {unknown}
 d - a potion of heal wounds {unknown}
 e - a potion of degeneration {unknown}
 g - a potion of brilliance {unknown}
 i - a potion of cancellation {unknown}
 k - 3 potions of curing
 n - a potion of berserk rage {unknown}
Comestibles
 c - 2 bread rations
 o - a meat ration
 u - a royal jelly


   Skills:
 - Level 3.6 Fighting
 * Level 10.3 Axes
 - Level 2.4 Armour
 - Level 2.1 Dodging


You had 6 spell levels left.
You didn't know any spells.

Dungeon Overview and Level Annotations

Branches:
Dungeon (5/15)
 Temple: D:4-7

Altars:
Ashenzari
Vehumet

Shops:
D:4 (


Innate Abilities, Weirdness & Mutations

You reflexively headbutt those who attack you in melee.
You have a pair of horns on your head.


Message History

You kill the orc!
Trog accepts your kill.
The orc wizard points at you and mumbles some strange words.
The puff of flame hits you!
The orc wizard hits you with a dagger of electrocution.
You see here a club.
The orc wizard hits you but does no damage.
You are electrocuted!
The orc wizard barely misses you.
You see here 7 gold pieces.
The orc wizard hits you but does no damage.
You are electrocuted!
You hit the orc wizard.
The orc wizard is lightly wounded.
The orc wizard hits you but does no damage.
You are electrocuted!
* * * LOW HITPOINT WARNING * * *
The orc wizard hits you with a dagger of electrocution.
* * * LOW HITPOINT WARNING * * *
You are electrocuted!
You die...

........#
........#
#......## ####
##....## ###...##
##....##
###......##
####..##
##.........#
##..###..........#
##......)o......#
##.....)$@.....#
##...........##
##.........##
#........##
##.....### ##...##
##...# ##...


You could see an orc wizard.

Vanquished Creatures
  The ghost of EnegeticOcto the Poker, an amateur GnCK of Xom (D:4)
  2 ogres (D:4)
  5 hounds (D:4)
  An orc priest (D:3)
  A centaur skeleton (D:4)
  3 adders (D:2)
  An ooze (D:4)
  3 worms
  5 dart slugs
  7 leopard geckos
  10 orcs
  5 giant cockroaches
  10 goblins
  6 hobgoblins
  9 jackals
  A quokka (D:4)
  2 ball pythons
  7 bats
  5 frilled lizards
  10 kobolds
  9 rats
103 creatures vanquished.

Notes
Turn   | Place    | Note
-------+----------+-------------------------------------------
     0 | D:1      | Laiders the Minotaur Berserker began the quest for the Orb.
     0 | D:1      | Reached XP level 1. HP: 19/19 MP: 0/0
   263 | D:1      | Reached skill level 4 in Axes
   444 | D:1      | Reached XP level 2. HP: 26/26 MP: 1/1
   888 | D:1      | Reached skill level 5 in Axes
   897 | D:1      | Reached ** piety under Trog
   901 | D:1      | Reached XP level 3. HP: 26/31 MP: 2/2
  1900 | D:2      | Reached skill level 6 in Axes
  1900 | D:2      | Reached XP level 4. HP: 31/39 MP: 3/3
  2304 | D:2      | Reached *** piety under Trog
  2754 | D:3      | Reached skill level 7 in Axes
  2754 | D:3      | Reached XP level 5. HP: 28/45 MP: 4/4
  2878 | D:3      | Found a radiant altar of Vehumet.
  2890 | D:3      | Found a shattered altar of Ashenzari.
  3637 | D:4      | Noticed an ogre
  3644 | D:4      | Killed an ogre
  3644 | D:4      | Reached skill level 8 in Axes
  3644 | D:4      | Reached XP level 6. HP: 51/51 MP: 5/5
  3659 | D:4      | Reached skill level 9 in Axes
  3936 | D:4      | Reached XP level 7. HP: 57/57 MP: 6/6
  4031 | D:4      | Noticed EnegeticOcto's ghost (amateur GnCK)
  4060 | D:4      | Killed EnegeticOcto's ghost
  4060 | D:4      | Reached skill level 10 in Axes
  4214 | D:4      | Found Qibos's Antique Weapon Emporium.
  4337 | D:5      | Entered Level 5 of the Dungeon
  4383 | D:5      | Slain by an orc wizard

Vault maps used:
D:1:      dpeg_arrival_arbitrary_a, minmay_close_crescents
D:2:      kennysheep_doodads
D:3:      cheibrodos_pilgrimage, overflow_temple_1_default,
          evilmike_ruin_ashenzari
D:4:      serial_shops, nicolae_shop_stone
D:5:      grunt_temple_overflow_gold_and_silver, first_bread,
          serial_column_ruins, column_ruins_hut, column_ruins_columns_corner,
          column_ruins_corridor_corner, column_ruins_corridor_dead_end,
          column_ruins_grid_2, column_ruins_open_small, uniq_grinder

Skill      XL: |  1  2  3  4  5  6  7 |
---------------+----------------------+-----
Axes           | 4 5 6 7 8 9 10 | 10.3
Fighting       | |  3.6
Armour         | |  2.4
Dodging        | |  2.1

Action                   |  1- 3 |  4- 6 |  7- 9 || total
-------------------------+-------+-------+-------++-------
Melee: Hand axe          |   103 |    58 |       ||   161
       Headbutt          |    17 |    16 |     5 ||    38
       War axe           |       |    35 |    17 ||    52
Invok: Berserk           |     3 |     4 |     1 ||     8
       Burn Spellbooks   |       |     1 |       ||     1
       Trog's Hand       |       |     2 |     1 ||     3
  Use: Scroll            |       |     5 |       ||     5
 Stab: Sleeping          |     1 |       |       ||     1
  Eat: Chunk             |     6 |    10 |     3 ||    19
Armor: Animal skin       |    21 |       |       ||    21
       Ring mail         |     1 |    27 |       ||    28
       Chain mail        |       |    10 |     6 ||    16
Dodge: Dodged            |    83 |    54 |     5 ||   142
Block: Other             |       |     4 |     1 ||     5

Table legend:
 A = Spawn XP
 B = Non-spawn XP
 C = Spawn XP percentage of total XP
 D = Spawn monster count
 E = Non-spawn monster count
 F = Spawn count percentage of total count
 G = Total turns spent on level
                    A         B        C        D         E        F      G
               +---------+---------+-------+---------+---------+-------+---------
         Total |       0 |     971 |   0.0 |       0 |     103 |   0.0 |  4383
               +---------+---------+-------+---------+---------+-------+---------
           D:1 |       0 |      69 |   0.0 |       0 |      36 |   0.0 |  1556
           D:2 |       0 |      85 |   0.0 |       0 |      27 |   0.0 |   986
           D:3 |       0 |      98 |   0.0 |       0 |      23 |   0.0 |  1070
           D:4 |       0 |     708 |   0.0 |       0 |      14 |   0.0 |   725
           D:5 |       0 |      11 |   0.0 |       0 |       3 |   0.0 |    46
               +---------+---------+-------+---------+---------+-------+---------
